 Dungeon Crawl Stone Soup version 0.24.0-1-gfbc8707122 (webtiles) character file.

Game seed: 8328954827555674026, levelgen mode: deterministic

225 Aviak the Poker (level 6, 0/37 HPs)
             Began as a Tengu Skald on Oct 27, 2019.
             Succumbed to a worker ant's poison
             ... on level 4 of the Dungeon.
             The game lasted 00:04:33 (2775 turns).

Aviak the Poker (Tengu Skald)                       Turns: 2775, Time: 00:04:34

Health: 0/37       AC:  4    Str: 11    XL:     6   Next: 1%
Magic:  7/11       EV: 21    Int: 18    God:
Gold:   129        SH:  0    Dex: 21    Spells: 5/11 levels left

rFire    + . .     SeeInvis .   a - +0 spear
rCold    . . .     Gourm    .   (no shield)
rNeg     . . .     Faith    .   b - +1 leather armour
rPois    .         Spirit   .   (helmet restricted)
rElec    .         Reflect  .   (no cloak)
rCorr    .         Harm     .   (no gloves)
MR       .....                  (boots unavailable)
Stlth    +++.......             (no amulet)
HPRegen  0.12/turn              F - ring of protection from fire
MPRegen  0.12/turn              g - -5 ring of slaying (curse)

@: brilliant, agile, lethally poisoned (0 -> -2), flying quickly and evasively,
very slightly contaminated, invisible, quick
A: beak, talons 3, able to fly
a: Stop Flying


You were on level 4 of the Dungeon.
You were not hungry.

You visited 1 branch of the dungeon, and saw 4 of its levels.

You collected 129 gold pieces.

Inventory:

Hand Weapons
 a - a +0 spear (weapon)
Armour
 b - a +1 leather armour (worn)
Jewellery
 g - a cursed -5 ring of slaying (right hand)
 F - a ring of protection from fire (left hand)
Scrolls
 e - a scroll of amnesia
 f - 3 scrolls of magic mapping
 i - a scroll of identify
 k - 2 scrolls of enchant weapon
 t - 3 scrolls of teleportation
Potions
 j - 2 potions of agility
 l - a potion of cancellation
 n - a potion of mutation {!q}
Comestibles
 d - 9 rations


   Skills:
 + Level 3.2 Fighting
 + Level 3.5 Polearms
 - Level 1.1 Armour
 + Level 3.4 Dodging
 - Level 3.0 Spellcasting
 + Level 3.2 Charms


You had 5 spell levels left.
You knew the following spells:

 Your Spells              Type           Power        Failure   Level  Hunger
a - Infusion              Chrm           ####         1%          1    None
b - Song of Slaying       Chrm           ####....     1%          2    ##.....
c - Regeneration          Chrm/Necr      ###.......   4%          3    ###....

Your spell library contained the following spells:

 Spells                   Type           Power        Failure   Level  Hunger
 Shroud of Golubria       Chrm/Tloc      ###...       2%          2    ##.....
 Spectral Weapon          Hex/Chrm       ###.....     4%          3    ###....


Dungeon Overview and Level Annotations

Branches:
Dungeon (4/15)
 Temple: D:4-7

Altars:
Hepliaklqana
Trog


Innate Abilities, Weirdness & Mutations

You have a beak for a mouth.
You have claws for feet.
You can fly continuously.


Message History

You see here a worker ant corpse.
You butcher the worker ant corpse.
* * * LOW HITPOINT WARNING * * *
You feel sick.
The worker ant twitches its antennae in your direction.
You see here 3 chunks of flesh.
Eat one of 3 chunks of flesh? (ye/n/q)
You eat one of the 3 chunks of flesh.
This raw flesh tastes terrible.
The worker ant barely misses you.
You catch the helpless worker ant completely off-guard!
You hit the worker ant but do no damage.
Your kick misses the worker ant. The worker ant barely misses you.
Your leather armour prevents you from hitting the worker ant.
You peck the worker ant, but do no damage.
The worker ant bites you.
* * * LOW HITPOINT WARNING * * *
You hit the worker ant.
You claw the worker ant, but do no damage.
The worker ant is moderately wounded.
You die...

....#.###......#...........
....#.##......##.......##..
..............##........#
..............##.........
..............##.......#.
.......†..##.....#
##........##.###.#
#..........###..##.##
..............@...$..#
..#.........###a###...
#.#.<....#### .# #.......#
.. ##..>.... ### #........
.........


You could see a worker ant.

Vanquished Creatures
  An orc wizard (D:3)
  Terence (D:2)
  An iguana (D:4)
  A worker ant (D:4)
  3 adders
  5 worms
  2 dart slugs
  A leopard gecko (D:1)
  5 orcs (D:3)
  3 bats
  5 giant cockroaches
  9 goblins
  6 hobgoblins
  7 jackals (D:1)
  3 frilled lizards
  9 kobolds
  A quokka skeleton (D:3)
  10 rats
73 creatures vanquished.

Notes
Turn   | Place    | Note
-------+----------+-------------------------------------------
     0 | D:1      | Aviak the Tengu Skald began the quest for the Orb.
     0 | D:1      | Reached XP level 1. HP: 12/12 MP: 4/4
   208 | D:1      | Reached XP level 2. HP: 17/17 MP: 4/6
   529 | D:1      | Reached XP level 3. HP: 6/21 MP: 1/7
  1116 | D:2      | Found a hazy altar of Hepliaklqana.
  1329 | D:2      | Noticed Terence
  1351 | D:2      | Killed Terence
  1351 | D:2      | Reached XP level 4. HP: 11/27 MP: 4/8
  1356 | D:2      | Learned a level 2 spell: Song of Slaying
  1360 | D:2      | Learned a level 3 spell: Regeneration
  1500 | D:2      | Noticed a moth of wrath
  1502 | D:2      | Found a bloodstained altar of Trog.
  1753 | D:3      | Gained mutation: You can fly continuously. [Tengu growth]
  1753 | D:3      | Reached XP level 5. HP: 19/32 MP: 7/10
  2762 | D:4      | Reached XP level 6. HP: 6/37 MP: 6/11
  2774 | D:4      | HP: 1/37 [worker ant (2)]
  2775 | D:4      | Succumbed to a worker ant's poison

Levels and vault maps discovered:
D:1:      dpeg_arrival_tiny_c, layout_basic
D:2:      layout_rooms, nicolae_overflow_crystal_walls, tgw_trog, uniq_terence
D:3:      layout_rooms
D:4:      layout_cave_pools, first_ration

Skill      XL: |  1  2  3  4  5 |
---------------+----------------+-----
Polearms       | 3 |  3.5
Dodging        | 3 |  3.4
Charms         | 3 |  3.2
Fighting       | 3 |  3.2
Spellcasting   | 3 |  3.0
Armour         | |  1.1

Action                   |  1- 3 |  4- 6 || total
-------------------------+-------+-------++-------
Melee: Spear             |   129 |   152 ||   281
       Kick              |    21 |    47 ||    68
       Peck              |    21 |    19 ||    40
 Cast: Infusion          |     7 |    12 ||    19
 Abil: Fly               |       |     1 ||     1
  Use: Potion            |     2 |     6 ||     8
       Scroll            |       |     8 ||     8
 Stab: Sleeping          |     1 |     1 ||     2
       Distracted        |     1 |       ||     1
       Invisible         |       |     1 ||     1
  Eat: Chunk             |     1 |     6 ||     7
Armor: Leather armour    |    13 |    16 ||    29
Dodge: Dodged            |    55 |    75 ||   130
